 Dungeon Crawl Stone Soup version 0.30.0-11-gf55b779eaf (webtiles) character file.

Game seed: 14781513308957539942

3895 tizbic2 the Ruffian (level 10, -1/69 (81) HPs)
             Began as a Minotaur Transmuter on May 16, 2023.
             Was an Elder of Zin.
             Slain by an orc knight
             ... wielding a +0 halberd
              (10 damage)
             ... in a bailey.
             The game lasted 00:32:16 (7165 turns).

tizbic2 the Ruffian (Minotaur Transmuter)           Turns: 7165, Time: 00:32:17

HP:   -1/69 (81)    AC: 16    Str: 20    XL:     10   Next: 0%
MP:   13/13         EV: 12    Int: 10    God:    Zin [****..]
Gold: 342           SH:  0    Dex: 10    Spells: 11/15 levels left

rFire   . . .        a - +7 broad axe (heavy)
rCold   . . .        (no shield)
rNeg    . . .        d - +4 ring mail
rPois   .            (helmet restricted)
rElec   .            v - +0 cloak
rCorr   +            t - +0 pair of gloves
SInv    .            e - +0 pair of boots
Will    .....        (no amulet) Stlth
                     u - ring of resist corrosion
HPRegen 0.31/turn    (no ring)
MPRegen 0.13/turn

%: no passive effects
@: on recite cooldown, studying Unarmed Combat, heavily drained
A: horns 2, retaliatory headbutt, iridescent scales 1, evolution 1
a: Renounce Religion, Recite, Vitalisation, Imprison, Donate Gold


You were in a bailey.
You worshipped Zin.
Zin was greatly pleased with you.
You visited 2 branches of the dungeon, and saw 9 of its levels.
You also visited: Bailey.

You collected 380 gold pieces.
You donated 38 gold pieces to Zin.

Inventory:

Hand Weapons
 a - a +7 heavy broad axe (weapon)
 w - a +0 shortbow
 y - a +3 flail of protection
 D - a +3 halberd of electrocution
Missiles
 i - 17 poisoned darts
 m - 5 curare-tipped darts
Armour
 d - a +4 ring mail (worn)
 e - a +0 pair of boots (worn)
 h - a scarf of harm
 t - a +0 pair of gloves (worn)
 v - a +0 cloak (worn)
Jewellery
 u - a ring of resist corrosion (left hand)
Wands
 l - a wand of roots (12)
Scrolls
 f - a scroll of silence
 g - a scroll of butterflies
 o - a scroll of teleportation
 p - a scroll of fog
 r - 3 scrolls of immolation
Potions
 b - 2 potions of brilliance {unknown}
 c - 3 potions of attraction
 j - 3 potions of degeneration {unknown}
 k - a potion of berserk rage {unknown}
 n - 2 potions of resistance
 q - 2 potions of heal wounds {unknown}
 s - a potion of invisibility
 x - 2 potions of haste
 z - 2 potions of might {unknown}
 A - 5 potions of curing
 B - a potion of magic {unknown}
 C - a potion of flight {unknown}


   Skills:
 + Level 5.2 Fighting
 * Level 7.6(8.2) Axes
 + Level 4.4(6.6) Maces & Flails
 - Level 5.9 Armour
 + Level 5.3 Dodging
 + Level 7.9 Unarmed Combat
 + Level 3.2 Spellcasting
 + Level 2.9 Summonings
 - Level 3.2 Transmutations
 * Level 3.5 Invocations


You had 11 spell levels left.
You knew the following spells:

 Your Spells              Type           Power      Damage    Failure   Level
a - Beastly Appendage     Tmut           16%        N/A       12%         1
b - Call Canine Familiar  Summ           7%         N/A       38%         3

Your spell library contained the following spells:

 Spells                   Type           Power      Damage    Failure   Level
 Wereblood                Tmut           8%         N/A       17%         2
 Call Imp                 Summ           14%        N/A       21%         2
 Passwall                 Tmut/Erth      3%         N/A       34%         2
 Magic Dart               Conj           4%         1d3       41%         1
 Sandblast                Erth           2%         2d4       41%         1
 Spider Form              Tmut/Pois      4%         N/A       56%         3
 Frozen Ramparts          Ice            2%         1d1       80%         3
 Mephitic Cloud           Conj/Pois/Air  1%         N/A       80%         3
 Portal Projectile        Hex/Tloc       2%         N/A       80%         3
 Stone Arrow              Conj/Erth      2%         3d7       80%         3
 Ice Form                 Ice/Tmut       4%         N/A       92%         4
 Summon Ice Beast         Ice/Summ       4%         N/A       94%         4
 Leda's Liquefaction      Hex/Erth       0%         N/A       99%         4


Dungeon Overview and Level Annotations

Branches:
Dungeon (8/15)             Temple (1/1) D:6          Bailey (1/1)
   Lair: D:8-11

Altars:
Ashenzari
Cheibriados
Dithmenos
Elyvilon
Fedhas
Gozag
Hepliaklqana
Kikubaaqudgha
Makhleb
Nemelex Xobeh
Okawaru
Qazlal
Ru
Sif Muna
Trog
Uskayaw
Vehumet
Wu Jian
Xom
Yredelemnul
Zin
The Shining One


Innate Abilities, Weirdness & Mutations

You have a pair of horns on your head.
You reflexively headbutt those who attack you in melee.
You are partially covered in iridescent scales. (AC +2)
You have hidden genetic potential.


Message History

You feel a bit more experienced.
An orc comes into view. It is wielding a +0 halberd.
The gnoll barely misses you. The orc barely misses you.
The gnoll barely misses you. The orc hits you but does no damage.
The orc knight hits you with a +0 halberd.
The gnoll misses you.
Things that are here:
a +2 halberd of draining; a smoky golden potion You hit the orc knight.
Your punch misses the orc knight.
The orc knight is moderately wounded.
You closely miss the orc. You barely miss the gnoll.
The orc hits you with a +0 halberd.
The orc knight hits you with a +0 halberd!
The gnoll hits you but does no damage.
You feel drained. The orc barely misses you.
The gnoll hits you with a +3 halberd of draining!
You feel drained. The orc knight barely misses you.
You slice the orc knight!!
The orc knight is severely wounded.
You slash the orc!
You kill the orc!
You slash the gnoll!
You kill the gnoll!
The orc knight barely misses you.
You completely miss the orc knight. You headbutt the orc knight!
The orc knight is almost dead.
You catch the helpless orc completely off-guard!
You hit the orc.
The orc knight hits you with a +0 halberd!
* * * LOW HITPOINT WARNING * * *
The orc hits you but does no damage.
The orc knight hits you with a +0 halberd!
* * * LOW HITPOINT WARNING * * *
The orc closely misses you. You furiously retaliate!
You headbutt the orc.
You kill the orc!
You hit the orc knight. Your headbutt misses the orc knight.
The orc knight is almost dead.
The orc knight hits you with a +0 halberd!
You die...

### ### #####
#.###.###.')## #
##'##'##'###'##'##+
##.....## ##@)!.!#
###.....### #o).!.#
#))..)..'.# '!.⌠.!+
###..)..#####.!.!.#
##.....# #..!.!#
##'##'##'# #'##+##'#
#.###.# #.#o# #.# #'#
### #### ### ###
#.###.###.#)###)###.#


You could see an orc knight.

Vanquished Creatures
  A hornet (D:8)
  4 yaks (D:6)
  Edmund (D:5)
  4 water moccasins
  An ice beast (D:7)
  An orc warrior (D:6)
  2 ogres (D:6)
  A centaur (D:8)
  4 phantoms
  A kobold brigand (D:4)
  3 bullfrogs (D:7)
  A scorpion (D:5)
  3 wights (D:7)
  14 killer bees
  A howler monkey (D:5)
  2 electric eels (D:7)
  An orc priest (D:6)
  6 hounds
  An iguana (D:6)
  Natasha (thrice) (D:2)
  An orc wizard (D:7)
  8 adders
  12 gnolls
  A white imp (D:7)
  4 ufetubi
  3 worms (D:2)
  A dart slug (D:5)
  30 orcs
  5 ball pythons
  6 endoplasms
  7 giant cockroaches
  7 goblins
  8 hobgoblins
  3 jackals (D:2)
  3 quokkas
  6 bats
  2 frilled lizards
  6 kobolds
  6 rats
174 creatures vanquished.

Notes
Turn   | Place    | Note
-------+----------+-------------------------------------------
     0 | D:1      | tizbic2 the Minotaur Transmuter began the quest for the
                  | Orb.
     0 | D:1      | Reached XP level 1. HP: 16/16 MP: 1/1
     6 | D:1      | Noticed a hog
     6 | D:1      | Noticed a komodo dragon
     6 | D:1      | Noticed a black bear
     6 | D:1      | Noticed a lindwurm
    74 | D:1      | Reached skill level 1 in Axes
   208 | D:1      | Reached XP level 2. HP: 23/23 MP: 3/3
   216 | D:1      | Reached skill level 1 in Armour
   298 | D:1      | Learned a level 2 spell: Wereblood
  1036 | D:2      | Found a white marble altar of Elyvilon.
  1046 | D:2      | Became a worshipper of Elyvilon the Healer
  1092 | D:2      | Reached XP level 3. HP: 24/28 MP: 2/4
  1189 | D:2      | Noticed Natasha
  1191 | D:2      | Was placed under penance by Elyvilon
  1193 | D:2      | Killed Natasha
  1340 | D:2      | Reached XP level 4. HP: 32/36 MP: 5/5
  1479 | D:2      | Was forgiven by Elyvilon
  1578 | D:2      | Noticed Natasha
  1584 | D:2      | Killed Natasha
  1809 | D:2      | Noticed Natasha
  1818 | D:2      | HP: 1/36 [cerulean imp/+0 spear[Natasha] (1)]
  1821 | D:2      | Killed Natasha
  2042 | D:3      | Reached XP level 5. HP: 41/41 MP: 4/6
  2276 | D:3      | Found a faded altar of an unknown god.
  2318 | D:3      | You fall into a shaft and drop 2 floors!
  2318 | D:5      | Entered Level 5 of the Dungeon
  2408 | D:5      | Reached * piety under Elyvilon
  2480 | D:5      | Reached XP level 6. HP: 44/50 MP: 7/7
  2886 | D:3      | Reached skill level 1 in Summonings
  3033 | D:3      | Reached ** piety under Elyvilon
  3260 | D:4      | Found a snail-covered altar of Cheibriados.
  3260 | D:4      | Found an ornate altar of the Wu Jian Council.
  3265 | D:4      | Found a hide-covered altar of Uskayaw.
  3267 | D:4      | Found a basalt altar of Yredelemnul.
  3268 | D:4      | Found a sacrificial altar of Ru.
  3698 | D:5      | Reached XP level 7. HP: 55/56 MP: 7/9
  3903 | D:5      | Noticed Edmund
  4008 | D:5      | Killed Edmund
  4162 | D:5      | Reached *** piety under Elyvilon
  4221 | D:6      | Reached skill level 1 in Maces & Flails
  4303 | D:6      | Noticed a yak
  4305 | D:6      | Noticed a yak
  4306 | D:6      | Noticed a yak
  4308 | D:6      | Noticed a yak
  4320 | D:6      | Killed a yak
  4321 | D:6      | Reached skill level 5 in Unarmed Combat
  4321 | D:6      | Reached XP level 8. HP: 39/63 MP: 8/10
  4325 | D:6      | Reached skill level 5 in Axes
  4325 | D:6      | Reached skill level 5 in Armour
  4650 | D:6      | Found a staircase to the Ecumenical Temple.
  4683 | D:6      | Identified a scroll of acquirement
  4684 | D:6      | Acquired a +6 heavy broad axe
  4709 | Temple   | Entered the Ecumenical Temple
  4797 | Temple   | Gained mutation: You have hidden genetic potential. [potion
                  | of mutation]
  4797 | Temple   | Gained mutation: You are partially covered in iridescent
                  | scales. (AC +2) [potion of mutation]
  4799 | Temple   | Fell from the grace of Elyvilon
  4799 | Temple   | Became a worshipper of Zin the Law-Giver
  4799 | Temple   | Reached * piety under Zin
  4799 | Temple   | Reached ** piety under Zin
  5167 | D:7      | Reached *** piety under Zin
  5186 | D:7      | Reached skill level 1 in Invocations
  5186 | D:7      | Reached XP level 9. HP: 36/71 MP: 10/12
  5939 | D:7      | Reached **** piety under Zin
  5976 | D:7      | Learned a level 3 spell: Call Canine Familiar
  6036 | D:7      | Reached skill level 5 in Dodging
  6530 | D:8      | Reached skill level 5 in Fighting
  6635 | D:8      | Found a burning altar of Makhleb.
  6825 | D:8      | Found a flagged portal.
  6893 | Bailey   | Entered a bailey
  7071 | Bailey   | Noticed an orc knight
  7132 | Bailey   | Reached XP level 10. HP: 57/78 MP: 13/13
  7165 | Bailey   | Slain by an orc knight

Illustrated notes

Levels and vault maps discovered:
D:1:      onia_arrival_zoo_common, layout_loops_corners, minmay_tripent
D:2:      layout_loops_ring, basic_altar, minmay_tetromino_s2, uniq_natasha
D:3:      layout_loops_corners, shapermc_ecumenical_altar_mp_vishouse,
          chequers_serial_rivers_small_3
D:4:      layout_rooms, chequers_temple_overflow_minitemple,
          hangedman_decor_opposing, minmay_quantized
D:5:      layout_loops_ring, uniq_edmund
D:6:      layout_basic, minmay_temple_entry_antechambers
D:7:      layout_loops_ring, st_stairs_6, serial_bayou_lagoon_b
D:8:      minmay_skewed_foursquare, layout_basic, lightli_temple_of_fire,
          enter_bailey_5
Temple:   eino_temple_scatter_basement
Bailey:   bailey_polearm_nasty_gnolls, bailey

Skill      XL: |  1  2  3  4  5  6  7  8  9 |
---------------+----------------------------+-----
Axes           | 1 2 3 4 6 7 |  7.6
Armour         | 1 2 3 4 5 |  5.9
Fighting       | 2 3 4 5 |  5.2
Transmutations | 2 3 |  3.2
Dodging        | 3 4 5 |  5.3
Summonings     | 1 2 |  2.9
Spellcasting   | 2 3 |  3.2
Unarmed Combat | 5 6 7 |  7.9
Maces & Flails | 1 3 4 |  4.4
Invocations    | 1 3 |  3.5

Action                     |  1- 3 |  4- 6 |  7- 9 | 10-12 || total
---------------------------+-------+-------+-------+-------++-------
  Melee: Unarmed           |    24 |       |       |       ||    24
         Kick              |     2 |     5 |     5 |       ||    12
         Club              |    31 |       |       |       ||    31
         Headbutt          |    10 |    26 |    36 |     2 ||    74
         Punch             |     1 |       |     7 |       ||     8
         Spear             |    12 |    39 |       |       ||    51
         Dagger            |       |   131 |    31 |       ||   162
         Flail             |       |       |    70 |       ||    70
         Broad axe         |       |       |   120 |     7 ||   127
   Fire: Sling             |       |       |     3 |       ||     3
         Shortbow          |       |       |     2 |       ||     2
   Cast: Beastly Appendage |     2 |     5 |     3 |       ||    10
         Wereblood         |     1 |     4 |     3 |       ||     8
 Invoke: Recite            |       |       |    10 |     1 ||    11
         Vitalisation      |       |       |     4 |       ||     4
    Use: Scroll            |     7 |     5 |    13 |       ||    25
         Potion            |       |       |     1 |       ||     1
   Stab: Confused          |       |       |     2 |       ||     2
         Invisible         |       |       |       |     1 ||     1
 Armour: Ring mail         |    13 |    49 |   150 |     4 ||   216
         Robe              |     1 |       |       |       ||     1
  Dodge: Dodged            |    41 |   103 |   199 |    12 ||   355
